 Dungeon Crawl Stone Soup version 0.29-a0-841-g116ddc6ace (webtiles) character file.

Game seed: 359739349385741593

515 Mesmaeker13 the Insei (level 7, -12/47 HPs)
             Began as an Octopode Transmuter on July 14, 2022.
             Was an Initiate of Ashenzari.
             Mangled by an ogre
             ... wielding a +0 giant club
              (25 damage)
             ... on level 5 of the Dungeon.
             The game lasted 00:05:26 (4773 turns).

Mesmaeker13 the Insei (Octopode Transmuter)         Turns: 4773, Time: 00:05:27

Health: -12/47     AC:  2    Str: 10    XL:     7   Next: 20%
Magic:  6/10       EV: 19    Int: 17    God:    Ashenzari [......]
Gold:   216        SH:  0    Dex: 17    Spells: 4/10 levels left

rFire   . . .      SeeInvis .     - Unarmed
rCold   . . .      Faith    .   (shield currently unavailable)
rNeg    . . .      Spirit   .   (helmet currently unavailable)
rPois   x          Reflect  .   (no amulet)
rElec   .          Harm     .   (no ring)
rCorr   .          Rampage  .   (no ring)
Will    .....                   (no ring)
Stlth   ++........              (no ring)
HPRegen 0.15/turn               (no ring)
MPRegen 0.12/turn               (no ring)
                                (no ring)
                                (no ring)

@: spider-form
A: venomous fangs, almost no armour, (amphibious), 8 rings, tiny, (camouflage
1), (gelatinous body 1), (nimble swimmer 1), (tentacles)
a: End Transformation, Renounce Religion


You were on level 5 of the Dungeon.
You worshipped Ashenzari.
Ashenzari was noncommittal.
You were a venomous arachnid creature.
You visited 1 branch of the dungeon, and saw 5 of its levels.

You collected 216 gold pieces.

Inventory:

Missiles
 g - 4 javelins
Armour
 p - a +1 buckler of protection
Wands
 k - a wand of iceblast (8)
 n - a wand of digging (7)
Scrolls
 d - 2 scrolls of magic mapping
 h - a scroll of immolation {unknown}
 i - 3 scrolls of teleportation
 j - a scroll of vulnerability {unknown}
 l - a scroll of summoning {unknown}
 m - a scroll of amnesia {unknown}
 o - a scroll of fear
 q - a scroll of blinking {unknown}
 r - a scroll of enchant weapon {unknown}
Potions
 a - a potion of lignification
 b - 3 potions of haste {unknown}
 c - 8 potions of curing
 e - a potion of brilliance {unknown}
 f - a potion of mutation {unknown}


   Skills:
 + Level 3.9 Fighting
 - Level 2.0 Dodging
 + Level 4.8 Unarmed Combat
 - Level 2.0 Spellcasting
 + Level 4.2 Transmutations
 + Level 3.4 Poison Magic


You had 4 spell levels left.
You knew the following spells:

 Your Spells              Type           Power      Damage    Failure   Level
a - Beastly Appendage     Tmut           32%        N/A       11%         1
b - Wereblood             Tmut           16%        N/A       14%         2
c - Spider Form           Tmut/Pois      14%        N/A       28%         3

Your spell library contained the following spells:

 Spells                   Type           Power      Damage    Failure   Level
 Ozocubu's Armour         Ice            1%         N/A       71%         3
 Ice Form                 Ice/Tmut       8%         N/A       82%         4
 Metabolic Englaciation   Hex/Ice        0%         N/A       100%        5
 Simulacrum               Ice/Necr       0%         N/A       100%        6


Dungeon Overview and Level Annotations

Branches:
Dungeon (5/15)
 Temple: D:4-7

Altars:
Ashenzari
Elyvilon
Okawaru
Trog

Annotations:
D:3 10 exclusions


Innate Abilities, Weirdness & Mutations

You are a venomous arachnid creature.
You have poisonous fangs.
You are tiny and dextrous.
Your spellcasting is less reliable in this form.
Your armour is entirely melded.
You are incapable of wielding weapons or throwing items.
You cannot wear most types of armour.
((You are amphibious.))
You can wear up to eight rings at the same time.
((Your skin changes colour to match your surroundings (Stealth+).))
((Your rubbery body absorbs attacks. (AC +1, EV +1)))
((You are camouflaged when in or above water. (Stealth+)))
((You have tentacles for arms and can constrict up to eight enemies at once.))


Message History

k - a wand of iceblast (8)
Casting: Spider Form (dangerous; 13% risk of failure)
Confirm with . or Enter, or press ? or * to list all spells.
You turn into a venomous arachnid creature.
Your transformation is almost over.
The howler monkey hoots and howls with incredible vigour!
An ogre comes into view. It is wielding a +0 giant club.
You hear an angry hiss.
The ogre shouts!
The howler monkey misses you.
The howler monkey completely misses you.
You hit the howler monkey.
The howler monkey is poisoned.
The howler monkey is moderately wounded.
An iguana comes into view.
The howler monkey completely misses you.
The iguana hisses angrily.
You hit the howler monkey.
The howler monkey looks as sick as possible!
The howler monkey is heavily wounded.
The howler monkey closely misses you.
You bite the howler monkey!
You kill the howler monkey!
There is a stone staircase leading down here.
Your transformation has ended.
Casting: Spider Form (dangerous; 12% risk of failure)
Confirm with . or Enter, or press ? or * to list all spells.
You turn into a venomous arachnid creature.
You barely miss the ogre. The ogre misses you.
You hit the ogre.
The ogre is poisoned.
The ogre is lightly wounded.
The ogre hits you with a +0 giant club!!
Ouch! That really hurt!
* * * LOW HITPOINT WARNING * * *
You hit the ogre.
The ogre looks as sick as possible!
The ogre is moderately wounded.
The ogre attacks as you move away! The ogre misses you.
The ogre attacks as you move away!
The ogre hits you with a +0 giant club!!
Ouch! That really hurt!
You die...

,,,,.................#####.....,,
,,,,...................#.....#***
,,,,.........................#
,,,,..............####.......##
,,,,...........>.## ##........#
,,,,............## #.........##
,,,,.....##.##l.## ##..###.....##
,,,,.....,####..O###..## *###....
,,,,,...,,,#*#..s##..## #...#
,,,,,,,,,,,..#.......# #..##
,***,,,,,,,.........## #..# **
***,,,#.........## ##.##
**,,.##........### #..#
***,,###..#.....######.##
**,.....######....##.# *,>####*
#####..## *,** ####


You could see an ogre (extremely poisoned) and an iguana.

Vanquished Creatures
  Menkaure (D:5)
  A centaur (D:5)
  A necrophage (D:5)
  A scorpion (D:4)
  A howler monkey (D:5)
  A hound (D:4)
  4 adders
  A gnoll (D:3)
  An ufetubus (D:5)
  2 worms
  A dart slug (D:3)
  4 orcs (D:3)
  10 ball pythons
  7 bats
  5 endoplasms
  7 giant cockroaches
  4 goblins
  4 hobgoblins (D:3)
  4 jackals (D:1)
  5 quokkas
  2 frilled lizards (D:1)
  2 kobolds (D:1)
  3 rats
72 creatures vanquished.

Notes
Turn   | Place    | Note
-------+----------+-------------------------------------------
     0 | D:1      | Mesmaeker13 the Octopode Transmuter began the quest for the
                  | Orb.
     0 | D:1      | Reached XP level 1. HP: 13/13 MP: 3/3
   224 | D:1      | Reached XP level 2. HP: 8/18 MP: 3/5
   895 | D:2      | Learned a level 2 spell: Wereblood
  1093 | D:2      | You fall into a shaft and drop 1 floor!
  1280 | D:2      | Reached XP level 3. HP: 24/24 MP: 4/6
  1814 | D:2      | Reached XP level 4. HP: 29/29 MP: 5/7
  2148 | D:3      | Learned a level 3 spell: Spider Form
  2204 | D:3      | Found a faded altar of an unknown god.
  2326 | D:3      | Noticed a steam dragon
  2573 | D:3      | Found a bloodstained altar of Trog.
  2573 | D:3      | Found an iron altar of Okawaru.
  2729 | D:3      | Found a white marble altar of Elyvilon.
  3214 | D:4      | Reached skill level 1 in Poison Magic
  3263 | D:4      | Reached XP level 5. HP: 22/36 MP: 8/8
  4162 | D:5      | Entered Level 5 of the Dungeon
  4271 | D:5      | Found a broken altar of Ashenzari.
  4288 | D:5      | Became a worshipper of Ashenzari the Shackled
  4398 | D:5      | Noticed a centaur
  4416 | D:5      | Killed a centaur
  4417 | D:5      | Reached XP level 6. HP: 18/42 MP: 5/9
  4667 | D:5      | Noticed Menkaure
  4677 | D:5      | Killed Menkaure
  4678 | D:5      | Reached XP level 7. HP: 46/47 MP: 7/10
  4773 | D:5      | Mangled by an ogre

Illustrated notes

Levels and vault maps discovered:
D:1:      amcnicky_arrival_abandoned_market, layout_rooms,
          wander_ebering_terrifying_dragon_lair
D:2:      layout_basic, supply_closet_lemuel, st_stairs_14,
          minmay_small_reverse_x
D:3:      layout_loops_ring, elyvilon_altar_1, grunt_temple_overflow_bloody_war,
          ebering_ecumenical_altar_abandoned
D:4:      layout_gridville
D:5:      layout_layer_cave, old_standard_altar, mainiacjoe_overflow_paths,
          uniq_crazy_yiuf_cottage, uniq_menkaure, uniq_eustachio

Skill      XL: |  1  2  3  4  5  6 |
---------------+-------------------+-----
Fighting       | 2 3 |  3.9
Transmutations | 3 4 |  4.2
Poison Magic   | 1 2 3 |  3.4
Unarmed Combat | 4 |  4.8
Dodging        | |  2.0
Spellcasting   | |  2.0

Action                   |  1- 3 |  4- 6 |  7- 9 || total
-------------------------+-------+-------+-------++-------
Melee: Unarmed           |    77 |    70 |     6 ||   153
       Constrict         |    23 |    20 |       ||    43
       Kick              |    18 |    19 |       ||    37
       Tentacles         |    11 |    13 |       ||    24
       Punch             |     1 |     4 |       ||     5
Throw: Javelin           |     2 |     4 |       ||     6
 Cast: Beastly Appendage |    25 |    20 |       ||    45
       Wereblood         |     2 |     3 |       ||     5
       Spider Form       |       |     3 |     2 ||     5
  Use: Scroll            |       |     3 |     1 ||     4
 Stab: Sleeping          |     3 |     1 |       ||     4
Armor: Skin              |    10 |     3 |       ||    13
Dodge: Dodged            |    49 |    52 |     6 ||   107

Table legend: (Time is in decaauts)
 A = Elapsed time spent in this place.
 B = Non-inter-level travel time spent in this place.
 C = Inter-level travel time spent in this place.
 D = Time resting spent in this place.
 E = Time spent auto-exploring this place.
 F = Levels seen in this place.
 G = Mean time per level.
                   A        B        C        D        E       F      G
               +--------+--------+--------+--------+--------+-----+--------+
         Total |   4766 |   4647 |    119 |    413 |   3546 |   5 |  953.2 |
       Dungeon |   4766 |   4647 |    119 |    413 |   3546 |   5 |  953.2 |
               +--------+--------+--------+--------+--------+-----+--------+

Top non-repeatable levels by time:
     D:3: 1249 daAuts
     D:4: 1077 daAuts
     D:2: 979 daAuts
     D:1: 889 daAuts
     D:5: 570 daAuts
